 Dungeon Crawl Stone Soup version 0.14-a0-736-g2a71271 (webtiles) character file.

2949 Malachi the Martial Artist (level 9, 0/69 HPs)
             Began as a Green Draconian Transmuter on Nov 7, 2013.
             Was a Priest of Makhleb.
             Slain by a wolf (8 damage)
             ... led by Grum
             ... on Level 8 of the Dungeon.
             The game lasted 00:20:39 (8027 turns).

Malachi the Grappler (Green Draconian Transmuter)   Turns: 8027, Time: 00:20:39

HP   0/69        AC  2     Str 12      XL: 9   Next: 34%
MP  13/13        EV 24     Int 18      God: Makhleb [***...]
Gold 337         SH  0     Dex 16      Spells:  4 memorised,  2 levels left

Res.Fire  : . . .   See Invis. : +     - Unarmed
Res.Cold  : . . .   Warding    : .   (armour unavailable)
Life Prot.: . . .   Conserve   : .   (shield currently unavailable)
Res.Poison: x       Res.Corr.  : .   t - melded +3 hat of Pondering {ponderous, MR+ MP+10 Int+5}
Res.Elec. : .       Clarity    : .   v - melded +0 cloak
Sust.Abil.: . .     Spirit.Shd : .   y - melded +0 pair of gauntlets
Res.Mut.  : .       Stasis     : .   (boots currently unavailable)
Res.Rott. : .       Flight     : .   (no amulet)
Saprovore : . . .                    (no ring)
                                     q - ring of see invisible

@: spider-form, short of breath, quick, slightly resistant to hostile
enchantments, unstealthy
A: (breathe noxious fumes), unfitting armour, (poison resistance), AC +7
a: End Transformation, Minor Destruction, Lesser Servant of Makhleb, Renounce
Religion


You were on level 8 of the Dungeon.
You worshipped Makhleb.
Makhleb was most pleased with you.
You were hungry.
You were in spider-form.
You visited 2 branches of the dungeon, and saw 9 of its levels.

You collected 337 gold pieces.

Inventory:

Missiles
 b - 33 arrows
 h - 8 needles of sleeping
 x - an arrow of flame
Armour
 t - the +3 hat of Pondering (melded) {ponderous, MR+ MP+10 Int+5}
   (You found it on level 4 of the Dungeon)

   It affects your intelligence (+5).
   It affects your resistance to hostile enchantments.
   It affects your magic capacity (+10).
 v - a +0 cloak (melded)
 y - a +0 pair of gauntlets (melded)
Comestibles
 a - 7 bread rations
 g - 2 meat rations
Scrolls
 c - 4 scrolls of remove curse
 e - a scroll of fear
 j - a scroll of recharging
 k - 2 scrolls of teleportation
 n - a scroll of random uselessness {unknown}
 r - 5 scrolls of magic mapping
 C - a scroll of enchant weapon II
 E - 3 scrolls of fog
Jewellery
 f - a cursed amulet of stasis {unknown}
 q - a ring of see invisible (left front leg)
Potions
 i - a potion of brilliance
 l - 2 potions of curing
 m - a potion of restore abilities
 o - a potion of speed
 p - a potion of might
 s - a potion of resistance {unknown}
 u - a potion of heal wounds {unknown}
 w - a potion of cure mutation {unknown}
 z - 2 potions of paralysis {unknown}
 A - a potion of agility {unknown}
 B - a potion of slowing {unknown}
Books
 d - a book of Changes

   Spells                             Type                      Level
   *Beastly Appendage                 Transmutation                1
   *Sticks to Snakes                  Transmutation                2
   *Spider Form                       Transmutation/Poison         3
   *Ice Form                          Ice/Transmutation            4
   Blade Hands                        Transmutation                5
Magical staves
 D - an uncursed staff of cold


   Skills:
 + Level 4.1 Fighting
 + Level 6.0 Dodging
 - Level 0.2 Stealth
 * Level 8.4 Unarmed Combat
 - Level 2.0 Spellcasting
 * Level 5.4 Transmutations
 * Level 0.8 Ice Magic
 - Level 5.0 Poison Magic


You had 2 spell levels left.
You knew the following spells:

 Your Spells              Type           Power        Failure   Level  Hunger
a - Beastly Appendage     Trmt           ###...       8%          1    #......
b - Sticks to Snakes      Trmt           ###.......   12%         2    ##.....
c - Spider Form           Trmt/Pois      ###.......   24%         3    ####...
d - Ice Form              Ice/Trmt       ##........   75%         4    #####..


Dungeon Overview and Level Annotations

Branches:
Dungeon (8/27)             Temple (1/1) D:4
    Orc: D:6-11        Lair: D:8-13

Altars:
Ashenzari
Cheibriados
Elyvilon
Fedhas
Kikubaaqudgha
Makhleb
Nemelex Xobeh
Okawaru
Sif Muna
Trog
Vehumet
Xom
Yredelemnul
Zin

Shops:
D:8 =

Annotations:
D:3 exclusion: door
D:8 Grum


Innate Abilities, Weirdness & Mutations

((You can breathe blasts of noxious fumes.))*
((Your lurid green scales are hard (AC +7).))*
Your body does not fit into most forms of armour.
Your cold-blooded metabolism reacts poorly to cold.
((Your system is resistant to poisons.))*


Message History

The gnoll completely misses you. The wolf completely misses you.
The wolf completely misses you. The wolf bites you! Grum barely misses you.
Unknown command.
You closely miss the wolf.
The wolf is moderately wounded.
The wolf misses you. The gnoll misses you. The wolf completely misses you.
The wolf misses you. The wolf completely misses you. The gnoll misses you.
The wolf closely misses you. Grum hits you with a spear!
* * * LOW HITPOINT WARNING * * *
Unknown command.
The wolf looks more healthy.
The wolf barely misses you. The wolf bites you!
* * * LOW HITPOINT WARNING * * *
The wolf barely misses you. The gnoll barely misses you. The wolf misses you.
Things that are here:
a flail; a gnoll corpse; a halberd The wolf misses you.
Grum bares his teeth.
Grum hits you but does no damage. The wolf completely misses you.
The wolf bites you!
You die...

. ...
#...##########.
#.............!.
...............#
.<..............#
$.......shg.....#
#######.hhg.....##
#.g<........
#.#####..... #.
### #. .. .. ∩


You could see Grum, 3 wolves, a gnoll shaman and a gnoll.

Vanquished Creatures
  4 humans (D:6)
  Eustachio (D:5)
  A hungry ghost (D:7)
  Menkaure (D:5)
  A sky beast (D:7)
  An ice beast (D:6)
  A yellow wasp (D:7)
  3 centaurs
  2 ogres
  Sigmund (D:5)
  A giant frog (D:7)
  Blork the orc (D:4)
  A quasit (D:6)
  2 giant frog zombies (D:5)
  Crazy Yiuf (D:7)
  A centaur skeleton (D:4)
  A black bear skeleton (D:4)
  An iron imp (D:5)
  An iguana (D:4)
  A scorpion (D:5)
  A worker ant (D:4)
  9 orc wizards
  An ogre zombie (D:5)
  A sky beast zombie (D:7)
  18 adders
  3 gnolls (D:8)
  A worker ant zombie (D:5)
  3 giant mites
  5 worms
  4 grey rats (D:5)
  2 giant eyeballs
  5 giant geckos
  3 oozes
  34 orcs
  A bat skeleton (D:5)
  A bat zombie (D:7)
  2 giant cockroaches
  15 goblins
  12 hobgoblins
  11 jackals
  10 kobolds
  4 quokkas
  11 bats
  A giant mite zombie (D:5)
  3 giant newts
  A gnoll skeleton (D:4)
  A hobgoblin skeleton (D:4)
  A kobold skeleton (D:5)
  An orc zombie (D:6)
  16 rats
  A rat skeleton (D:7)
  A rat zombie (D:6)
210 creatures vanquished.

Notes
Turn   | Place    | Note
--------------------------------------------------------------
     0 | D:1      | Malachi, the Draconian Transmuter, began the quest for the Orb.
     0 | D:1      | Reached XP level 1. HP: 16/16 MP: 1/1
   135 | D:1      | Reached XP level 2. HP: 20/23 MP: 0/3
   640 | D:1      | Reached XP level 3. HP: 12/28 MP: 4/4
   646 | D:1      | Learned a level 2 spell: Sticks to Snakes
  1483 | D:2      | Reached skill level 4 in Unarmed Combat
  1629 | D:2      | Reached XP level 4. HP: 28/35 MP: 4/6
  1913 | D:2      | Learned a level 3 spell: Spider Form
  2007 | D:2      | Found a sparkling altar of Nemelex Xobeh.
  2007 | D:2      | Found a blossoming altar of Fedhas.
  2137 | D:3      | Found a deep blue altar of Sif Muna.
  2576 | D:4      | Reached XP level 5. HP: 25/40 MP: 7/7
  2884 | D:4      | Noticed an ogre
  2895 | D:4      | Killed an ogre
  2895 | D:4      | Reached skill level 5 in Unarmed Combat
  2895 | D:4      | Reached skill level 1 in Poison Magic
  3120 | D:4      | Reached XP level 6. HP: 39/48 MP: 9/9
  3704 | D:4      | Found a staircase to the Ecumenical Temple.
  3723 | D:4      | Noticed Blork the orc
  3738 | D:4      | Killed Blork the orc
  3758 | Temple   | Entered the Ecumenical Temple
  3807 | Temple   | Became a worshipper of Makhleb the Destroyer
  4447 | D:3      | Your scales start taking on a lurid green colour.
  4447 | D:3      | Gained mutation: Your system is resistant to poisons. [draconian maturity]
  4447 | D:3      | Reached XP level 7. HP: 36/55 MP: 10/10
  4751 | D:5      | Entered Level 5 of the Dungeon
  5249 | D:5      | Noticed Menkaure
  5260 | D:5      | Killed Menkaure
  5260 | D:5      | Reached skill level 6 in Unarmed Combat
  5264 | D:5      | Acquired Makhleb's first power
  5549 | D:5      | Noticed Eustachio
  5821 | D:5      | Noticed Sigmund
  5844 | D:5      | Killed Sigmund
  6014 | D:5      | Reached XP level 8. HP: 59/61 MP: 12/12
  6209 | D:5      | Paralysed by a giant eyeball for 2 turns
  6381 | D:5      | Acquired Makhleb's second power
  6506 | D:5      | Killed Eustachio
  6506 | D:5      | Reached skill level 7 in Unarmed Combat
  6812 | D:6      | Reached skill level 5 in Dodging
  7038 | D:6      | Noticed a human
  7053 | D:6      | Reached skill level 5 in Transmutations
  7060 | D:6      | Killed a human
  7060 | D:6      | Acquired Makhleb's third power
  7062 | D:6      | Reached XP level 9. HP: 69/69 MP: 13/13
  7272 | D:7      | Reached skill level 5 in Poison Magic
  7279 | D:7      | Found an iron altar of Okawaru.
  7280 | D:7      | Found a basalt altar of Yredelemnul.
  7280 | D:7      | Found an ancient bone altar of Kikubaaqudgha.
  7283 | D:7      | Found a shimmering altar of Xom.
  7310 | D:7      | Learned a level 4 spell: Ice Form
  7416 | D:7      | Paralysed by a giant eyeball for 2 turns
  7452 | D:7      | Reached skill level 8 in Unarmed Combat
  7592 | D:7      | Noticed Crazy Yiuf
  7598 | D:7      | Killed Crazy Yiuf
  8014 | D:8      | Noticed Grum
  8027 | D:8      | Found Edauggup's Jewellery Emporium.
  8027 | D:8      | Slain by a wolf

Action                   |  1- 3 |  4- 6 |  7- 9 || total
-------------------------+-------+-------+-------++-------
Melee: Unarmed           |   110 |   273 |   556 ||   939
 Cast: Beastly Appendage |     5 |    17 |    11 ||    33
       Spider Form       |       |     5 |     9 ||    14
 Abil: End Transformatio |       |     4 |     7 ||    11
       Breathe Noxious F |       |       |    24 ||    24
  Use: Scroll            |     2 |     4 |    12 ||    18
       Potion            |       |     1 |       ||     1
 Stab: Confused          |       |       |    10 ||    10
       Sleeping          |       |       |     1 ||     1
